 Dungeon Crawl Stone Soup version 0.28.0-53-g5a82cb258f (webtiles) character file.

Game seed: 8998698673159237030

343 porpoise the Poker (level 6, -1/48 HPs)
             Began as a Demonspawn Gladiator on July 22, 2022.
             Slain by an orc warrior
             ... wielding a +0 war axe
              (10 damage)
             ... on level 3 of the Dungeon.
             The game lasted 00:07:22 (2852 turns).

porpoise the Poker (Demonspawn Gladiator)           Turns: 2852, Time: 00:07:23

Health: -1/48      AC:  9    Str: 16    XL:     6   Next: 31%
Magic:  6/6        EV: 15    Int:  9    God:
Gold:   129        SH:  0    Dex: 15    Spells: 5/5 levels left

rFire   . . .      SeeInvis .   a - +0 trident
rCold   . . .      Faith    .   (no shield)
rNeg    . . .      Spirit   .   k - +0 ring mail
rPois   .          Reflect  .   c - +0 helmet
rElec   .          Harm     .   g - +0 cloak
rCorr   .          Rampage  .   (no gloves)
Will    .....                   (no boots)
Stlth   +.........              (no amulet)
HPRegen 0.16/turn               e - +4 ring of evasion
MPRegen 0.20/turn               (no ring)

@: attractive, flying
A: thin metallic scales 1, magic regeneration
a: no special abilities


You were on level 3 of the Dungeon.
You visited 1 branch of the dungeon, and saw 3 of its levels.

You collected 129 gold pieces.

Inventory:

Hand Weapons
 a - a +0 trident (weapon)
 b - a +0 hunting sling
Missiles
 j - 34 sling bullets
 l - 32 bolts
 p - 34 arrows
Armour
 c - a +0 helmet (worn)
 g - a +0 cloak (worn)
 k - a +0 ring mail (worn)
Magical Staves
 f - a staff of fire
 i - a staff of air
Jewellery
 e - a +4 ring of evasion (left hand)
Scrolls
 m - a scroll of teleportation {unknown}
 o - a scroll of noise {unknown}
 q - a scroll of identify {unknown}


   Skills:
 + Level 4.1 Fighting
 * Level 5.5 Polearms
 - Level 1.7 Throwing
 - Level 2.6 Dodging


You had 5 spell levels left.
You didn't know any spells.
Your spell library was empty.

Dungeon Overview and Level Annotations

Branches:
Dungeon (3/15)

Altars:
Nemelex Xobeh

Shops:
D:1 *


Innate Abilities, Weirdness & Mutations

You are partially covered in thin metallic scales. (AC +2)
You regenerate magic rapidly.


Message History

The orc warrior is moderately wounded.
The orc warrior struggles against the net.
You hit the orc warrior.
The orc warrior is moderately wounded.
The orc warrior struggles against the net.
You hit the orc warrior but do no damage.
The orc warrior is moderately wounded.
The orc warrior struggles against the net.
You strike the helpless orc warrior from behind!
You hit the orc warrior but do no damage.
The orc warrior is moderately wounded.
The orc warrior struggles against the net.
You strike the helpless orc warrior from behind!
You hit the orc warrior.
The orc warrior is heavily wounded.
The orc warrior struggles against the net.
You strike the helpless orc warrior from behind!
You hit the orc warrior but do no damage.
The orc warrior is heavily wounded.
The orc warrior struggles against the net.
The net rips apart, and the orc warrior comes free!
You closely miss the orc warrior.
The orc warrior is heavily wounded.
The orc warrior hits you with a +0 war axe!
Throw: throwing net
Press: ? - help, Q - select action Shift-Dir - straight line, f/p - orc warrior
Aim: an orc warrior, wielding a +0 war axe and wearing a +0 chain mail (heavily wounded, 57% to hit)
You throw a throwing net.
The throwing net closely misses the orc warrior.
You hit the orc warrior.
The orc warrior is severely wounded.
The orc warrior misses you.
You completely miss the orc warrior.
The orc warrior is severely wounded.
The orc warrior hits you with a +0 war axe!
* * * LOW HITPOINT WARNING * * *
You closely miss the orc warrior.
The orc warrior is severely wounded.
The orc warrior hits you with a +0 war axe!
You die...

..#.# #..# #...#
#.#... #...# #.#...
#.o.# ..#..## ##...#
......####...##
#.##..........#
..##..........#####.#
#.##.....(.....o@...#
.....#.###.##########
.....#.# #........
.....#.###.#######
...............#
...............#
...............#
...............#
รท..............#


You could see an orc warrior.

Vanquished Creatures
  Sigmund (D:3)
  Jessica (D:2)
  2 scorpion zombies (D:3)
  2 adders
  A gnoll (D:1)
  3 worms
  3 dart slugs
  An orc (D:3)
  4 endoplasms
  2 giant cockroaches (D:2)
  3 goblins
  6 hobgoblins
  10 jackals
  3 quokkas
  A ball python (D:3)
  15 bats
  A frilled lizard (D:1)
  4 kobolds
  3 rats
66 creatures vanquished.

Notes
Turn   | Place    | Note
-------+----------+-------------------------------------------
     0 | D:1      | porpoise the Demonspawn Gladiator began the quest for the
                  | Orb.
     0 | D:1      | Reached XP level 1. HP: 16/16 MP: 1/1
    81 | D:1      | Reached skill level 3 in Polearms
    81 | D:1      | Gained mutation: You regenerate magic rapidly. [demonic
                  | ancestry]
    81 | D:1      | Reached XP level 2. HP: 18/22 MP: 2/2
   248 | D:1      | Found Punnud's Assorted Antiques.
   526 | D:1      | Gained mutation: You are partially covered in thin metallic
                  | scales. (AC +2) [demonic ancestry]
   526 | D:1      | Reached XP level 3. HP: 25/28 MP: 3/3
  1041 | D:2      | Found a sparkling altar of Nemelex Xobeh.
  1049 | D:2      | Noticed Jessica
  1059 | D:2      | Killed Jessica
  1060 | D:2      | Reached skill level 4 in Polearms
  1060 | D:2      | Reached XP level 4. HP: 31/35 MP: 4/4
  2137 | D:3      | Noticed Sigmund
  2163 | D:3      | Killed Sigmund
  2164 | D:3      | Reached skill level 5 in Polearms
  2164 | D:3      | Reached XP level 5. HP: 18/42 MP: 5/5
  2164 | D:3      | Reached XP level 6. HP: 20/48 MP: 6/6
  2498 | D:3      | Found a faded altar of an unknown god.
  2819 | D:3      | Noticed an orc warrior
  2852 | D:3      | Slain by an orc warrior

Illustrated notes

Levels and vault maps discovered:
D:1:      lemuel_arrival_room, layout_rooms, serial_shops, shop_statue
D:2:      layout_basic, basic_altar, uniq_jessica
D:3:      layout_basic, nicolae_overflow_ecumenical_swirl,
          shapermc_ecumenical_altar_mp_urbaneastern, minmay_close_crescents,
          uniq_sigmund

Skill      XL: |  1  2  3  4  5  6 |
---------------+-------------------+-----
Polearms       | 3 4 5 |  5.5
Fighting       | 3 4 |  4.1
Throwing       | |  1.7
Dodging        | |  2.6

Action                   |  1- 3 |  4- 6 || total
-------------------------+-------+-------++-------
Melee: Trident           |   109 |   168 ||   277
       Punch             |       |     2 ||     2
 Fire: Hunting sling     |       |    21 ||    21
Throw: Throwing net      |       |     5 ||     5
  Use: Potion            |       |     3 ||     3
 Stab: Sleeping          |     2 |       ||     2
       Held in net/web   |       |     3 ||     3
Armor: Leather armour    |    37 |       ||    37
       Ring mail         |     1 |    33 ||    34
Dodge: Dodged            |    94 |    74 ||   168
